 Dungeon Crawl Stone Soup version 0.32-a0-898-g7811c86cf0 (webtiles) character file.

Game seed: 9100192145579158982

51 ragingrage the Magician (level 3, 0/24 HPs)
             Began as a Coglin Hedge Wizard on Apr 5, 2024.
             Succumbed to an adder's poison
             ... on level 3 of the Dungeon.
             The game lasted 00:03:13 (1785 turns).

ragingrage the Magician (Coglin Hedge Wizard)       Turns: 1785, Time: 00:03:14

Health: 0/24       AC:  3    Str: 10    XL:     3   Next: 81%
Magic:  6/7        EV: 11    Int: 13    God:
Gold:   96         SH:  0    Dex: 15    Spells: 4/7 levels left

rFire   . . .        r - +0 short sword {Fatehjeet}
rCold   . . .        e - +0 dagger {Septima}
rNeg    . . .        k - +1 robe {Will+}
rPois   .            c - +0 hat
rElec   .            (no cloak)
rCorr   .            (no gloves)
SInv    .            (no boots)
Will    ++...        (amulet unavailable)
Stlth   ++           (ring unavailable)
HPRegen 0.24/turn    (ring unavailable)
MPRegen 0.10/turn    (no gizmo)

%: no passive effects
@: lethally poisoned (0 -> -10), enlightened, flying, hasted, revved, very quick
A: off-hand wielding, slow wielding, warmup strikes, no jewellery, mutation
resistance 1
a: Invent Gizmo


You were on level 3 of the Dungeon.
You visited 1 branch of the dungeon, and saw 3 of its levels.

You collected 96 gold pieces.

Inventory:

Hand Weapons
 a - a +0 dagger {Saranna}
 e - a +0 dagger (offhand) {Septima}
 o - a +0 sling
 r - a +0 short sword (weapon) {Fatehjeet}
Armour
 c - a +0 hat (worn)
 k - a +1 robe of willpower (worn)
Jewellery
 i - an amulet of reflection
Wands
 p - a wand of flame (9)
Scrolls
 g - 2 scrolls of vulnerability {unknown}
 h - 2 scrolls of amnesia {unknown}
 l - 2 scrolls of poison {unknown}
 q - a scroll of teleportation {unknown}
 s - a scroll of revelation {unknown}
 u - a scroll of enchant weapon {unknown}
Potions
 d - a potion of magic
 m - a potion of curing {unknown}
 n - a potion of might {unknown}
 t - a potion of brilliance {unknown}


   Skills:
 - Level 0.3 Short Blades
 - Level 1.7 Dodging
 - Level 2.0 Stealth
 - Level 2.6 Spellcasting
 - Level 2.0 Conjurations
 + Level 2.4 Summonings
 - Level 1.0 Translocations


You had 4 spell levels left.
You knew the following spells:

 Your Spells              Type           Power      Damage    Failure   Level
a - Magic Dart            Conj           24%        1d4       11%         1
b - Call Imp              Summ           16%        N/A       13%         2

Your spell library contained the following spells:

 Spells                   Type           Power      Damage    Failure   Level
 Slow                     Hex            4%         N/A       24%         1
 Blink                    Tloc           8%         N/A       24%         2
 Cigotuvi's Dreadful Rot  Necr/Alch/Air  2%         N/A       34%         2
 Summon Ice Beast         Ice/Summ       4%         N/A       41%         3
 Dazzling Flash           Conj/Hex       8%         N/A       43%         3
 Mephitic Cloud           Conj/Alch/Air  3%         N/A       47%         3
 Confusing Touch          Hex            1%         N/A       56%         3
 Vampiric Draining        Necr           1%         2d6       56%         3
 Summon Mana Viper        Hex/Summ       4%         N/A       99%         5
 Starburst                Conj/Fire      2%         6d3       100%        6
 Monstrous Menagerie      Summ           4%         N/A       100%        7
 Maxwell's Capacitive Co  Air            0%         ∞         100%        8


Dungeon Overview and Level Annotations

Branches:
Dungeon (3/15)

Altars:
Zin


Innate Abilities, Weirdness & Mutations

You can wield a second weapon in your off-hand.
It takes a long time for you to wield or remove held weapons.
Your first few attacks do less damage.
You cannot equip rings or amulets.
You are somewhat resistant to further mutation.


Message History

The web tears apart.
Your cerulean imp hits the ribbon worm from afar with a -4 spear.
The ribbon worm bites you!
You hit the ribbon worm with your +0 dagger.
You hit the ribbon worm with your +0 short sword.
Your cerulean imp hits the ribbon worm from afar with a -4 spear.
You hit the ribbon worm with your +0 dagger.
You hit the ribbon worm with your +0 short sword.
Your cerulean imp hits the ribbon worm with a -4 spear.
The ribbon worm dies!
You hit the adder with your +0 dagger.
You barely miss the adder with your +0 short sword.
The adder bites you.
Your cerulean imp completely misses the adder.
The adder misses you.
You closely miss the adder with your +0 dagger.
You hit the adder with your +0 short sword.
The adder bites you.
Your cerulean imp closely misses the adder.
You closely miss the adder with your +0 short sword.
You closely miss the adder with your +0 dagger.
The adder bites you.
* * * LOW HITPOINT WARNING * * *
You are lethally poisoned!
The adder poisons you!
Your cerulean imp misses the adder.
It was a potion of haste.
You feel yourself speed up.
* * * LOW HITPOINT WARNING * * *
You feel sick. The adder bites you but does no damage.
Your cerulean imp hits the adder but does no damage.
It was a potion of enlightenment.
You feel very buoyant.
You fly up into the air.
* * * LOW HITPOINT WARNING * * *
You feel sick. The adder bites you.
* * * LOW HITPOINT WARNING * * *
You are more poisoned.
The adder poisons you!
It was a potion of mutation.
You feel extremely strange.
You feel genetically stable.
You die...

... #..).............#
....#.#......##........#
...#.#.........<.####.#
....#......####.# .
#..#.###### #.# #..#.#
#)# #...#########.#
#.5†S......##.#
##.@######.##.#### #...#
#.#......
####..#####†#..#.P.
#........##.....#P.
#####.######..>........
#.................##.#.
##......######.....# ..
#.......# ###.....#
#.......# #....)..#


You could see an adder (ally target) and a friendly cerulean imp (summoned).

Vanquished Creatures
  An adder (D:2)
  A dart slug (D:1)
  2 endoplasms
  A giant cockroach (D:1)
  2 goblins
  2 hobgoblins
  4 jackals (D:1)
  2 kobolds
  2 quokkas
  A ball python (D:2)
  3 bats
  2 rats
23 creatures vanquished.

Vanquished Creatures (collateral kills)
  An adder (D:3)
  A ribbon worm (D:3)
  A goblin (D:3)
3 creatures vanquished.

Grand Total: 26 creatures vanquished

Notes
Turn   | Place    | Note
-------+----------+-------------------------------------------
     0 | D:1      | ragingrage the Coglin Hedge Wizard began the quest for the
                  | Orb.
     0 | D:1      | Reached XP level 1. HP: 13/13 MP: 4/4
    42 | D:1      | Reached skill level 1 in Conjurations
   327 | D:1      | Reached XP level 2. HP: 13/19 MP: 0/5
   754 | D:1      | Learned a level 2 spell: Call Imp
  1554 | D:2      | Reached XP level 3. HP: 24/24 MP: 1/7
  1716 | D:3      | Found a glowing silver altar of Zin.
  1784 | D:3      | HP: 1/24 [adder (3)]
  1785 | D:3      | Gained mutation: You are somewhat resistant to further
                  | mutation. [potion of mutation]
  1785 | D:3      | Succumbed to an adder's poison

Illustrated notes

Levels and vault maps discovered:
D:1:      dpeg_arrival_rooms_a, layout_loops_cross, chequers_jeans
D:2:      layout_basic, shapermc_ecumenical_altar_mp_ritualfount
D:3:      layout_basic, zin_purify, nicolae_hepliaklqana_hazy_memory,
          nicolae_vehumet_altar_sigil

Skill      XL: |  1  2  3 |
---------------+----------+-----
Conjurations   | 1 2 |  2.0
Stealth        | 2 |  2.0
Summonings     | 2 |  2.4
Short Blades   | |  0.3
Dodging        | |  1.7
Spellcasting   | |  2.6
Translocations | |  1.0

Action                     || total
---------------------------++-------
  Melee: Dagger            ||    94
         Short sword       ||    26
   Cast: Magic Dart        ||    50
         Call Imp          ||     7
  Evoke: Wand              ||     1
    Use: Potion            ||     3
 Armour: Robe              ||    50
  Dodge: Dodged            ||    51

Table legend: (Time is in decaauts)
 A = Elapsed time spent in this place.
 B = Non-inter-level travel time spent in this place.
 C = Inter-level travel time spent in this place.
 D = Time resting spent in this place.
 E = Time spent auto-exploring this place.
 F = Levels seen in this place.
 G = Mean time per level.
                   A        B        C        D        E       F      G
               +--------+--------+--------+--------+--------+-----+--------+
         Total |   1784 |   1688 |     96 |    469 |    841 |   3 |  594.7 |
       Dungeon |   1784 |   1688 |     96 |    469 |    841 |   3 |  594.7 |
               +--------+--------+--------+--------+--------+-----+--------+

Top non-repeatable levels by time:
     D:1: 1256 daAuts
     D:2: 302 daAuts
     D:3: 226 daAuts
